 Dungeon Crawl Stone Soup version 0.29.1-4-g47bece8355 (webtiles) character file.

Game seed: 15469072363160343495

306287 fishmans the Bludgeoner (level 21, -11/133 HPs)
             Began as a Gargoyle Fighter on Dec 5, 2022.
             Was a High Priest of the Shining One.
             Mangled by a yaktaur captain (13 damage)
             ... on level 4 of the Vaults on Dec 7, 2022.
             The game lasted 05:57:39 (50454 turns).

fishmans the Bludgeoner (Gargoyle Fighter)         Turns: 50454, Time: 05:57:40

Health: -11/133    AC: 48    Str: 36    XL:     21   Next: 15%
Magic:  20/33      EV: 16    Int: 10    God:    the Shining One [*****.]
Gold:   2480       SH: 31    Dex:  9    Spells: 20/20 levels left

rFire   . . .      SeeInvis .   e - +0 eveningstar (flame)
rCold   . . .      Faith    .   c - +2 tower shield {rPois}
rNeg    + + +      Spirit   .   C - +18 Lear's hauberk
rPois   ∞          Reflect  .   (helmet currently unavailable)
rElec   +          Harm     .   (no cloak)
rCorr   .          Rampage  .   (gloves currently unavailable)
Will    +....                   (boots currently unavailable)
Stlth   +.........              P - amulet of regeneration
HPRegen 1.12/turn               F - +6 ring of strength
MPRegen 0.23/turn               n - +4 ring of evasion

@: mighty, divinely shielded, about to teleport, flying, slowed, glowing, very
slow
A: sickness immunity, AC +16, big wings, negative energy resistance 1,
electricity resistance, torment resistance 1, petrification resistance
}: 2/15 runes: decaying, serpentine
a: Renounce Religion, Divine Shield, Cleansing Flame, Summon Divine Warrior


You were on level 4 of the Vaults.
You worshipped the Shining One.
The Shining One was extremely pleased with you.
You visited 7 branches of the dungeon, and saw 35 of its levels.
You visited 1 bazaar.

You collected 3169 gold pieces.
You spent 689 gold pieces at shops.

Inventory:

Hand Weapons
 e - a +0 eveningstar of flaming (weapon)
 S - a +0 morningstar
 U - a +0 dire flail
Missiles
 g - 41 poisoned darts (quivered)
 k - 11 datura-tipped darts
 O - a throwing net
Armour
 a - a +0 tower shield
 b - a +0 buckler of protection
 c - a +2 tower shield of poison resistance (worn)
 C - the +18 Lear's hauberk (worn)
   (You found it on level 6 of the Dungeon)
 W - a +0 plate armour
Jewellery
 h - a ring of protection from cold
 j - a ring of willpower
 n - a +4 ring of evasion (right hand)
 o - a ring of fire
 p - a +4 ring of protection
 t - a ring of magical power
 B - an amulet of reflection
 E - a ring of willpower
 F - a +6 ring of strength (left hand)
 K - a +6 ring of dexterity
 P - an amulet of regeneration (around neck)
 Z - a ring of protection from fire
Wands
 r - a wand of digging (4)
 x - a wand of roots (24)
 y - a wand of quicksilver (34)
 A - a wand of flame (66)
 J - a wand of paralysis (50)
 V - a wand of mindburst (39)
Scrolls
 d - 6 scrolls of poison
 l - a scroll of enchant weapon
 s - a scroll of brand weapon
 u - a scroll of silence
 w - 10 scrolls of teleportation
 D - 4 scrolls of magic mapping
 H - 5 scrolls of amnesia
 I - 3 scrolls of immolation
 M - a scroll of enchant armour
 N - 3 scrolls of summoning
 Q - 8 scrolls of identify
 Y - 2 scrolls of fear
Potions
 f - 8 potions of lignification
 i - 3 potions of resistance
 m - 4 potions of haste
 q - 8 potions of attraction
 v - 4 potions of might
 z - 2 potions of ambrosia
 G - 14 potions of curing
 L - a potion of berserk rage
 R - 2 potions of brilliance
 X - 6 potions of magic


   Skills:
 - Level 14.9 Fighting
 - Level 18.8 Maces & Flails
 + Level 5.9 Throwing
 * Level 16.8 Armour
 * Level 14.7 Dodging
 + Level 8.9 Stealth
 * Level 14.1 Shields
 - Level 17.0 Invocations


You had 20 spell levels left.
You didn't know any spells.
Your spell library contained the following spells:

 Spells                   Type           Power      Damage    Failure   Level
 Magic Dart               Conj           0%         1d3       98%         1
 Sandblast                Erth           0%         2d4       98%         1
 Shock                    Conj/Air       0%         1d3       98%         1
 Passwall                 Tmut/Erth      0%         N/A       99%         2
 Searing Ray              Conj           0%         2d4       99%         2
 Wereblood                Tmut           0%         N/A       99%         2
 Dazzling Flash           Conj/Hex       0%         N/A       100%        3
 Frozen Ramparts          Ice            0%         1d1       100%        3
 Ignite Poison            Fire/Tmut/Pois 0%         N/A       100%        3
 Inner Flame              Hex/Fire       0%         N/A       100%        3
 Mephitic Cloud           Conj/Pois/Air  0%         N/A       100%        3
 Ozocubu's Armour         Ice            0%         N/A       100%        3
 Stone Arrow              Conj/Erth      0%         3d7       100%        3
 Swiftness                Air            0%         N/A       100%        3
 Airstrike                Air            0%         2d(0-16)  100%        4
 Animate Armour           Summ/Erth      0%         N/A       100%        4
 Cause Fear               Hex            0%         N/A       100%        4
 Fulminant Prism          Conj/Hex       0%         3d6       100%        4
 Ice Form                 Ice/Tmut       0%         N/A       100%        4
 Iskenderun's Mystic Bla  Conj/Tloc      0%         2d3       100%        4
 Summon Ice Beast         Ice/Summ       0%         N/A       100%        4
 Blade Hands              Tmut           0%         N/A       100%        5
 Fireball                 Conj/Fire      0%         3d3       100%        5
 Freezing Cloud           Conj/Ice/Air   0%         6-21      100%        5
 Iskenderun's Battlesphe  Conj           0%         2d6       100%        5
 Metabolic Englaciation   Hex/Ice        0%         N/A       100%        5
 Summon Forest            Summ/Tloc      0%         N/A       100%        5
 Conjure Ball Lightning   Conj/Air       0%         3x3d6     100%        6
 Eringya's Noxious Bog    Tmut/Pois      0%         N/A       100%        6
 Iron Shot                Conj/Erth      0%         9d1       100%        6
 Simulacrum               Ice/Necr       0%         N/A       100%        6
 Starburst                Conj/Fire      0%         6d3       100%        6
 Orb of Destruction       Conj           0%         9d5       100%        7
 Spellforged Servitor     Conj/Summ      0%         N/A       100%        7
 Summon Hydra             Summ           0%         N/A       100%        7
 Discord                  Hex            0%         N/A       100%        8
 Sublimation of Blood     Necr           Unusable   N/A       N/A         2

Dungeon Overview and Level Annotations

Branches:
Dungeon (15/15)            Temple (1/1) D:5            Lair (5/5) D:10
  Swamp (4/4) Lair:3        Snake (4/4) Lair:3        Slime (0/5) Lair:5
    Orc (2/2) D:12            Elf (0/3) Orc:2        Vaults (4/5) D:14
  Crypt (0/3) Vaults:3     Depths (0/4) D:15

Altars:
Ashenzari
Cheibriados
Dithmenos
Elyvilon
Fedhas
Gozag
Hepliaklqana
Kikubaaqudgha
Makhleb
Nemelex Xobeh
Okawaru
Qazlal
Ru
Sif Muna
Trog
Uskayaw
Vehumet
Wu Jian
Xom
Yredelemnul
Zin
The Shining One

Shops:
D:13 ([*   Orc:1 ?   Orc:2 ::[=?   Vaults:1 :   Vaults:3 *

Annotations:
D:5 exclusion: ogre
D:10 1 runed translucent door
D:11 1 runed translucent door, warriortoast's ghost, journeyman DrCj
D:13 6 transporters
Lair:1 exclusion: 2 oklob plants
Swamp:2 2 transporters, zeram's ghost, journeyman HOFi
Snake:1 2 transporters, lmSkywalker's ghost, journeyman MiFi
Snake:3 3 runed translucent doors


Innate Abilities, Weirdness & Mutations

You are immune to sickness and miasma.
Your stone body is resilient. (AC +16)
You are immune to poison.
Your large and strong wings let you fly.
You resist negative energy. (rN+)
You are resistant to electric shocks. (rElec)
You are resistant to unholy torment.
You are immune to petrification.


Message History

Your angel hits the tengu reaver with a +3 whip of holy wrath!
You block the wizard's attack.
The ironbound frostheart touches you but does no damage.
The ironbound convoker barely misses you.
The yaktaur captain hits you!
* * * LOW HITPOINT WARNING * * *
Okay, then.
As you read the scroll of teleportation, it crumbles to dust.
You feel strangely unstable. The ice encasing you melts away.
Your angel barely misses the tengu reaver.
Your angel hits the tengu reaver but does no damage.
The tengu reaver hits you but does no damage.
The tengu reaver pecks you but does no damage.
You block the tengu reaver's attack. The wizard hits you but does no damage.
Your angel barely misses the tengu reaver.
Your angel hits the tengu reaver with a +3 whip of holy wrath.
The yaktaur captain barely misses you.
You block the ironbound frostheart's attack.
The ironbound convoker barely misses you.
The tengu reaver hits you but does no damage.
You block the tengu reaver's attack. The tengu reaver closely misses you.
Your angel hits the tengu reaver but does no damage.
Your angel closely misses the tengu reaver.
You block the wizard's attack. You block the yaktaur captain's attack.
The ironbound frostheart touches you.
* * * LOW HITPOINT WARNING * * *
The ironbound frostheart freezes you!!
* * * LOW HITPOINT WARNING * * *
The ironbound convoker misses you.
The tengu reaver hits you but does no damage.
You block the tengu reaver's attack.
The tengu reaver claws you but does no damage.
Your angel hits the tengu reaver with a +3 whip of holy wrath!!
Your angel hits the tengu reaver with a +3 whip of holy wrath.
You block the wizard's attack.
The ironbound frostheart closely misses you.
You block the ironbound convoker's attack.
The yaktaur captain hits you!
You die...

...########
#'##......#
..##......#
..##......########
#+##......#......#
#..'.?....#......#
'..#......+)....A#
#..########....Qp#
#### #...op@#
#....pc# #.....o#
#......#
#############+######
.......op...)).....#
.op.....o..).......#
.........o)........#
...................#


You could see a tengu reaver, a yaktaur captain, an ironbound frostheart (ally
target), an ironbound convoker, a wizard (invisible), an orc warrior (strong),
an orc (strong) and a friendly angel (summoned).

Vanquished Creatures
  Mara (Snake:4)
  Saint Roka (Vaults:4)
  Margery (Vaults:3)
  A lich (Vaults:3)
  2 sphinxes
  2 tengu reavers
  5 nagarajas
  A fenstrider witch (Swamp:2)
  Louise (D:15)
  An iron dragon (D:14)
  5 vault wardens
  2 orc warlords (Vaults:3)
  9 ironbound preservers
  Aizul (Snake:2)
  A war gargoyle (Vaults:4)
  4 very ugly things
  An ironbound thunderhulk (Vaults:4)
  6 eleionomae
  5 dire elephants
  3 bunyips
  An ettin (D:13)
  4 yaktaur captains
  5 vault guards (Vaults:3)
  A shambling mangrove (Swamp:4)
  4 great orbs of eyes
  A boulder beetle (D:13)
  3 fire dragons (Swamp:4)
  A peacekeeper (Vaults:4)
  An ogre mage (Orc:2)
  18 hydras
  A salamander tyrant (Snake:4)
  Erolcha (Orc:2)
  A catoblepas (D:14)
  2 spriggan air magi
  9 centaur warriors
  4 ghost crabs
  8 anacondas
  A merfolk avatar (Lair:5)
  18 alligators
  A death knight (D:14)
  4 two-headed ogres
  8 ironbound frosthearts
  19 naga warriors
  7 shock serpents
  14 naga sharpshooters
  Nergalle (Orc:2)
  2 hell knights (Vaults:3)
  8 spriggans
  7 salamander mystics
  A fire crab (Swamp:4)
  9 skeletal warriors
  9 goliath frogs
  3 spriggan druids
  17 deep trolls
  6 naga ritualists
  A flayed ghost (D:14)
  6 swamp dragons
  2 glowing orange brains
  4 bog bodies
  5 harpies
  8 ironbound convokers
  Pikel (D:6)
  15 lindwurms
  10 orc knights
  9 mana vipers
  2 wizards
  33 ugly things
  2 necromancers
  A wolf spider (shapeshifter) (D:14)
  4 deep elf pyromancers (D:14)
  4 manticores
  3 will-o-the-wisps
  11 orc sorcerers
  21 salamanders
  2 cyclopes
  18 elephants
  19 naga magi
  42 black mambas
  7 vault sentinels
  17 cane toads
  11 guardian serpents
  A torpor snail (Lair:4)
  3 kobold demonologists
  2 efreet (D:14)
  Psyche (D:9)
  A rime drake (shapeshifter) (D:14)
  10 komodo dragons
  A yaktaur zombie (Vaults:2)
  4 rime drakes
  4 tengu conjurers
  10 yaktaurs
  A human skeleton (Vaults:2)
  13 tyrant leeches
  A wind drake (shapeshifter) (D:10)
  9 hornets
  4 trolls
  Grinder (D:6)
  2 wind drakes (Lair:4)
  5 polar bears
  Prince Ribbit (D:9)
  33 slime creatures
  A slime creature (shapeshifter) (D:14)
  18 blink frogs
  2 snapping turtles
  A shadow (D:11)
  A vampire (D:9)
  Eustachio (D:4)
  6 basilisks
  2 wyverns
  56 yaks
  A yak (shapeshifter) (D:13)
  Grum (D:9)
  9 wraiths
  5 steam dragons
  13 vampire mosquitoes
  14 swamp worms
  42 nagas
  7 wargs
  An acid dragon (D:12)
  15 water moccasins
  9 swamp drakes
  4 ice beasts
  A sky beast (D:4)
  21 orc warriors
  10 ogres
  44 wolves
  5 boggarts (D:14)
  8 centaurs
  A phantom (D:7)
  2 lemures (D:6)
  A human zombie (Vaults:2)
  5 kobold brigands
  Blork the orc (D:6)
  10 bullfrogs
  3 necrophages
  A gnoll sergeant (D:8)
  A scorpion (D:4)
  A glowing shapeshifter simulacrum (Vaults:2)
  A human simulacrum (Vaults:2)
  A two-headed ogre simulacrum (D:11)
  7 wights
  11 killer bees
  2 howler monkeys
  An electric eel (Lair:1)
  3 hounds
  3 jellies
  20 orc priests
  3 iguanas
  Ijyb (D:4)
  48 orc wizards
  Natasha (twice) (D:4)
  12 hell rats
  A spriggan simulacrum (D:11)
  A troll simulacrum (D:11)
  5 gnolls
  A naga simulacrum (D:11)
  8 adders
  A white imp (D:5)
  An ufetubus (D:3)
  4 worms
  98 orcs
  7 ball pythons
  6 bats
  5 endoplasms
  2 giant cockroaches (D:2)
  6 goblins
  6 hobgoblins
  9 jackals
  36 kobolds
  3 quokkas
  5 frilled lizards
  2 rats
1264 creatures vanquished.

Vanquished Creatures (collateral kills)
  Vashnia (Snake:2)
  A sphinx (Vaults:3)
  Agnes (D:15)
  4 vault wardens (Vaults:3)
  An ironbound thunderhulk (Vaults:4)
  4 ironbound preservers
  2 entropy weavers
  2 dire elephants
  A great orb of eyes (Vaults:2)
  5 vault guards (Vaults:3)
  A yaktaur captain (Vaults:2)
  A hydra (D:15)
  An anaconda (Snake:4)
  4 ironbound frosthearts
  A naga sharpshooter (Snake:2)
  A hell knight (Vaults:3)
  9 deep trolls
  A wizard (Vaults:2)
  A lindwurm (Vaults:2)
  5 ugly things
  2 ironbound convokers (Vaults:3)
  A mana viper (Snake:4)
  2 orc knights
  A salamander (D:15)
  4 vault sentinels (Vaults:3)
  9 yaktaurs
  3 slime creatures
  2 redbacks
  An orc priest (Vaults:4)
  3 orcs (Vaults:4)
75 creatures vanquished.

Vanquished Creatures (others)
  Josephine (D:14)
  A bloated husk (Swamp:1)
  A blink frog (Lair:5)
  4 swamp drakes (Swamp:4)
  An orc warrior (Orc:1)
  3 orcs
  16 foxfires
  33 fungi
  59 plants
119 creatures vanquished.

Grand Total: 1458 creatures vanquished

Notes
Turn   | Place    | Note
-------+----------+-------------------------------------------
     0 | D:1      | fishmans the Gargoyle Fighter began the quest for the Orb.
     0 | D:1      | Reached XP level 1. HP: 14/14 MP: 1/1
   475 | D:1      | Reached XP level 2. HP: 15/19 MP: 2/2
   799 | D:1      | Reached skill level 3 in Maces & Flails
   858 | D:1      | Found a faded altar of an unknown god.
  1472 | D:2      | Reached XP level 3. HP: 5/23 MP: 3/3
  3063 | D:2      | Reached skill level 4 in Maces & Flails
  3142 | D:2      | Reached XP level 4. HP: 28/28 MP: 4/4
  4472 | D:4      | Noticed Ijyb
  4602 | D:4      | Reached skill level 5 in Maces & Flails
  4602 | D:4      | Reached XP level 5. HP: 32/32 MP: 5/5
  4729 | D:4      | Noticed Eustachio
  4755 | D:4      | Killed Eustachio
  4756 | D:4      | Reached skill level 6 in Maces & Flails
  4756 | D:4      | Reached XP level 6. HP: 30/37 MP: 6/6
  5174 | D:4      | Killed Ijyb
  5175 | D:4      | Reached skill level 7 in Maces & Flails
  5331 | D:4      | Noticed Natasha
  5339 | D:4      | Killed Natasha
  5340 | D:4      | Reached XP level 7. HP: 41/41 MP: 7/7
  5578 | D:4      | Reached skill level 8 in Maces & Flails
  5590 | D:4      | Noticed Natasha
  5595 | D:4      | Killed Natasha
  6194 | D:5      | Entered Level 5 of the Dungeon
  6211 | D:5      | Identified the +0 robe "Ajuibb" {Drain Regen+ Str+3 Dex+6}
  6534 | D:5      | Reached skill level 9 in Maces & Flails
  6534 | D:5      | Reached XP level 8. HP: 44/46 MP: 8/8
  6708 | D:5      | Reached skill level 10 in Maces & Flails
  6988 | D:5      | Found a staircase to the Ecumenical Temple.
  7042 | D:5      | Identified the +1 pair of boots "Mehirchi" {rF+}
  7059 | Temple   | Entered the Ecumenical Temple
  7316 | Temple   | Became a worshipper of the Shining One
  7726 | D:6      | Noticed Blork the orc
  7772 | D:6      | Reached skill level 1 in Invocations
  7791 | D:6      | Noticed Grinder
  7796 | D:6      | Killed Grinder
  7803 | D:6      | Killed Blork the orc
  7804 | D:6      | Reached skill level 11 in Maces & Flails
  7804 | D:6      | Reached XP level 9. HP: 26/51 MP: 8/10
  8122 | D:6      | Noticed Pikel
  8156 | D:6      | Killed Pikel
  8336 | D:6      | Noticed a troll
  8343 | D:6      | Killed a troll
  8458 | D:6      | Found the +18 Lear's hauberk
  8931 | D:7      | Reached skill level 12 in Maces & Flails
  9387 | D:7      | Reached skill level 5 in Invocations
  9958 | D:8      | Reached XP level 10. HP: 56/56 MP: 14/14
  9974 | D:8      | Reached * piety under the Shining One
 10151 | D:8      | Reached skill level 13 in Maces & Flails
 10742 | D:9      | Noticed Grum
 10762 | D:9      | Killed Grum
 10898 | D:9      | Reached skill level 1 in Dodging
 11097 | D:9      | HP: 1/56 [orc priest/divine providence (14)]
 11310 | D:9      | Found a flagged portal.
 11423 | D:9      | Reached ** piety under the Shining One
 11426 | D:9      | Noticed Psyche
 11440 | D:9      | Killed Psyche
 11550 | D:9      | Found a shadowy altar of Dithmenos.
 11571 | D:9      | Noticed Prince Ribbit
 11583 | D:9      | Killed Prince Ribbit
 11723 | D:10     | Entered Level 10 of the Dungeon
 11825 | D:9      | Reached skill level 5 in Fighting
 11969 | D:10     | Noticed a two-headed ogre
 12050 | D:10     | Noticed a two-headed ogre
 12061 | D:9      | Killed a two-headed ogre
 12062 | D:9      | Reached skill level 5 in Armour
 12062 | D:9      | Reached skill level 5 in Shields
 12062 | D:9      | Reached XP level 11. HP: 34/64 MP: 16/16
 12164 | D:9      | Killed a two-headed ogre
 12955 | D:10     | Found a staircase to the Lair.
 13165 | D:10     | Found a runed translucent door.
 13247 | D:10     | Noticed an ice dragon
 13322 | D:11     | Found a frozen archway.
 13502 | D:11     | Noticed a two-headed ogre
 13529 | D:11     | Killed a two-headed ogre
 13622 | Lair:1   | Entered Level 1 of the Lair of Beasts
 13850 | D:11     | Found a runed translucent door.
 13850 | D:11     | Noticed warriortoast's ghost (journeyman DrCj)
 13850 | D:11     | Reached *** piety under the Shining One
 13916 | D:11     | You fall into a shaft and drop 1 floor!
 14047 | D:12     | Noticed a cyclops
 14064 | D:12     | Killed a cyclops
 14446 | D:11     | Noticed a two-headed ogre
 14473 | D:10     | Killed a two-headed ogre
 14474 | D:10     | Reached skill level 14 in Maces & Flails
 14543 | D:11     | Reached XP level 12. HP: 71/71 MP: 18/18
 16389 | D:12     | Found a staircase to the Orcish Mines.
 18298 | Lair:1   | Noticed a four-headed hydra
 18318 | Lair:1   | Killed a four-headed hydra
 18376 | Lair:1   | Identified the +0 chain mail of Mysticism {Fly rF- Dex+3}
 18570 | Lair:1   | Reached skill level 5 in Dodging
 18667 | Lair:1   | Reached skill level 15 in Maces & Flails
 19172 | Lair:1   | Identified a scroll of acquirement
 19196 | Lair:1   | Reached XP level 13. HP: 78/78 MP: 20/20
 20463 | Lair:3   | Found a staircase to the Swamp.
 21158 | Lair:3   | Found a staircase to the Snake Pit.
 21273 | Lair:3   | Reached **** piety under the Shining One
 21890 | Lair:3   | Reached skill level 10 in Invocations
 22713 | Lair:4   | Identified the +7 long sword of Perfectionism {vamp, *Slow
                  | +Blink Fly rCorr}
 23417 | Lair:5   | Entered Level 5 of the Lair of Beasts
 23754 | Lair:4   | Gained mutation: Your large and strong wings let you fly.
                  | [Gargoyle growth]
 23754 | Lair:4   | Reached XP level 14. HP: 63/86 MP: 21/21
 24648 | Lair:4   | Reached skill level 10 in Fighting
 24807 | Lair:5   | Found a staircase to the Slime Pits.
 24840 | Lair:4   | Reached skill level 10 in Armour
 24902 | Lair:4   | Reached skill level 10 in Shields
 26239 | Lair:5   | Found a shadowy altar of Dithmenos.
 26549 | Lair:5   | Acquired a +0 eveningstar of flaming
 26775 | Lair:5   | Identified the +8 trident "Nunauci" {vorpal, SInv Stlth+}
 27150 | D:13     | Found a transporter.
 27214 | D:13     | Found a transporter.
 27382 | D:13     | Found a transporter.
 27383 | D:13     | Found a transporter.
 27493 | D:13     | Reached XP level 15. HP: 93/93 MP: 23/23
 27516 | D:13     | Found Jocaes's Antique Armour Shoppe.
 27516 | D:13     | Found Gueczab's Distillery.
 27517 | D:13     | Found Laixy's General Store.
 27519 | D:13     | Found Wugh's Antique Weapon Shoppe.
 27575 | D:13     | Reached ***** piety under the Shining One
 27679 | D:13     | Identified the +5 chain mail "Qiutouh" {Contam Harm rF+
                  | Will+}
 27697 | D:13     | Found a transporter.
 27698 | D:13     | Found a transporter.
 27964 | D:14     | Noticed Josephine
 28041 | D:14     | Killed Josephine
 28392 | D:14     | Noticed a sphinx
 28393 | D:14     | Noticed a tengu reaver
 28471 | D:14     | Killed a sphinx
 28949 | D:14     | Killed a tengu reaver
 29027 | D:14     | Found a gate to the Vaults.
 29276 | D:14     | Reached skill level 16 in Maces & Flails
 29276 | D:14     | Noticed an iron dragon
 29313 | D:14     | Killed an iron dragon
 29505 | D:15     | Entered Level 15 of the Dungeon
 30121 | D:15     | Noticed Agnes
 30130 | D:15     | Noticed Louise
 30145 | D:15     | Killed Agnes
 30151 | D:15     | Killed Louise
 30152 | D:15     | Reached XP level 16. HP: 53/103 MP: 17/26
 30280 | D:15     | Found a staircase to the Depths.
 30618 | Orc:1    | Entered Level 1 of the Orcish Mines
 30783 | Orc:2    | Entered Level 2 of the Orcish Mines
 31097 | Orc:2    | Found a staircase to the Elven Halls.
 31215 | Orc:2    | Found Puplem's Book Shoppe.
 31850 | Orc:2    | Found an ancient bone altar of Kikubaaqudgha.
 31850 | Orc:2    | Noticed Nergalle
 31910 | Orc:2    | Found a radiant altar of Vehumet.
 31910 | Orc:2    | Noticed Erolcha
 31938 | Orc:2    | Killed Erolcha
 31945 | Orc:2    | Found Ywoedder's Antique Armour Shoppe.
 31969 | Orc:2    | Killed Nergalle
 32196 | Orc:2    | Found Hokhlior's Jewellery Shoppe.
 32206 | Orc:2    | Found Pevvoih's Book Emporium.
 32289 | Orc:2    | Found Siacuse's Magic Scroll Emporium.
 32297 | Orc:2    | Bought a scroll of enchant armour for 135 gold pieces
 32854 | Orc:1    | Found Guophokha's Magic Scroll Shop.
 33091 | Orc:1    | Bought a scroll of teleportation for 42 gold pieces
 33091 | Orc:1    | Bought a scroll of teleportation for 42 gold pieces
 33187 | Orc:2    | Bought a +6 ring of strength for 360 gold pieces
 33490 | Swamp:1  | Entered Level 1 of the Swamp
 33490 | Swamp:1  | Reached ****** piety under the Shining One
 34089 | Swamp:1  | Acquired a manual of Dodging
 34518 | Swamp:2  | Noticed a tentacled monstrosity
 34525 | Swamp:2  | Found a transporter.
 34525 | Swamp:2  | Noticed zeram's ghost (journeyman HOFi)
 34530 | Swamp:2  | Noticed a fenstrider witch
 34559 | Swamp:2  | Reached skill level 17 in Maces & Flails
 34827 | Swamp:2  | Noticed a fenstrider witch
 34840 | Swamp:2  | Killed a fenstrider witch
 34886 | Swamp:2  | Found a transporter.
 34889 | Swamp:2  | Found the ring of the Octopus King {HP+2 MP+9 AC+2 EV+2
                  | SH+2}
 35238 | Swamp:3  | Identified the amulet of Ecibih {Spirit +Inv}
 35414 | Swamp:3  | Reached XP level 17. HP: 109/109 MP: 28/28
 35715 | Swamp:3  | Reached skill level 15 in Invocations
 35743 | Swamp:3  | Identified the +1 pair of gloves of Wasted Space {rF+}
 35995 | Swamp:4  | Entered Level 4 of the Swamp
 36283 | Swamp:4  | Reached skill level 10 in Dodging
 36742 | Swamp:4  | Identified the +8 short sword of Osarch {elec, *Noise rF-
                  | Will++ Int+8}
 37108 | Swamp:4  | Got a decaying rune of Zot
 37321 | Snake:1  | Entered Level 1 of the Snake Pit
 37466 | Snake:1  | Noticed lmSkywalker's ghost (journeyman MiFi)
 37477 | Snake:1  | Found a transporter.
 37502 | Snake:1  | Found a transporter.
 38458 | Snake:2  | Reached skill level 18 in Maces & Flails
 39174 | Snake:2  | Noticed Aizul
 39185 | Snake:2  | Noticed Vashnia
 39192 | Snake:2  | Killed Aizul
 39259 | Snake:2  | Reached XP level 18. HP: 49/117 MP: 11/30
 39264 | Snake:2  | Killed Vashnia
 40489 | Snake:3  | Found a runed translucent gate.
 40491 | Snake:3  | Found a runed translucent gate.
 40492 | Snake:3  | Found a runed translucent gate.
 40939 | Snake:4  | Entered Level 4 of the Snake Pit
 41835 | Snake:4  | Reached skill level 1 in Stealth
 42471 | Snake:4  | Reached skill level 1 in Throwing
 42612 | Snake:4  | Noticed Mara
 42680 | Snake:4  | Noticed fishmans's illusion
 42707 | Snake:4  | Killed Mara
 43104 | Snake:4  | Reached XP level 19. HP: 123/123 MP: 31/31
 43357 | Snake:4  | Identified the +4 plate armour of Panentheism {Regen+}
 43545 | Snake:4  | Reached skill level 5 in Stealth
 43816 | Snake:4  | Got a serpentine rune of Zot
 44589 | Vaults:1 | Entered Level 1 of the Vaults
 45533 | Vaults:1 | Found Pidus's Book Shop.
 45859 | Vaults:1 | Identified the +10 hand axe of the Briny Deep {flame, SInv}
 46040 | Vaults:1 | Reached skill level 15 in Armour
 46632 | Vaults:1 | Paralysed by a great orb of eyes for 5 turns
 46838 | Vaults:2 | Found a flickering gateway to a bazaar.
 46847 | Bazaar   | Entered a bazaar
 46847 | Bazaar   | Found Heiwees's Weapon Shoppe.
 46847 | Bazaar   | Found Wuaf's Antique Weapon Emporium.
 46849 | Bazaar   | Found Vekufuso's Distillery.
 46859 | Bazaar   | Bought a potion of heal wounds for 55 gold pieces
 46859 | Bazaar   | Bought a potion of heal wounds for 55 gold pieces
 46865 | Bazaar   | Found Volaip's Weapon Shoppe.
 47711 | Vaults:2 | You are sucked into a shaft and drop 2 floors!
 47774 | Vaults:4 | Reached XP level 20. HP: 105/128 MP: 32/32
 48260 | Vaults:3 | Found Buvuce Cuce's Assorted Antiques.
 48358 | Vaults:3 | Noticed Margery
 48840 | Vaults:2 | Reached skill level 5 in Throwing
 49092 | Vaults:3 | Found a radiant altar of Vehumet.
 49146 | Vaults:3 | Identified the +1 robe "Byatah" {rElec Regen+ Int-3}
 49149 | Vaults:3 | Identified the +0 hat of the Ward {Int+3}
 49150 | Vaults:3 | Identified the +0 hat of Free Will {Harm rF- Stlth+}
 49154 | Vaults:3 | Identified the +0 robe of the Shrike {Rampage Int+4}
 49173 | Vaults:3 | Identified the +0 hat of the Gate {rC+ Dex+4}
 49409 | Vaults:3 | Killed Margery
 49573 | Vaults:3 | Found a staircase to the Crypt.
 49573 | Vaults:3 | Found a basalt altar of Yredelemnul.
 49574 | Vaults:3 | Found an ancient bone altar of Kikubaaqudgha.
 50267 | Vaults:4 | Reached XP level 21. HP: 130/133 MP: 33/33
 50367 | Vaults:4 | Noticed Saint Roka
 50381 | Vaults:4 | Killed Saint Roka
 50436 | Vaults:4 | Paralysed by a sphinx for 2 turns
 50440 | Vaults:4 | HP: 4/133 [sphinx/divine providence (12)]
 50454 | Vaults:4 | HP: 2/133 [ironbound frostheart (22)]
 50454 | Vaults:4 | Mangled by a yaktaur captain

Illustrated notes

Levels and vault maps discovered:
D:1:      kilobyte_arrival_exit_the_forest, layout_basic,
          dreamdust_ecumenical_altar_grove, serial_forest,
          infiniplex_forest_lined_room_2, infiniplex_forest_lined_2,
          infiniplex_forest_clump_large, infiniplex_forest_clump_curved,
          infiniplex_forest_lined_room_3, infiniplex_forest_clump_tiny,
          infiniplex_forest_clump_diagonal, infiniplex_forest_lined_2
D:2:      layout_basic
D:3:      layout_basic, st_stairs_3, minmay_misc_feat_four_crosses,
          minmay_misc_feat_pillars
D:4:      layout_basic, serial_co_window_serial, co_window_corner_a,
          co_window_corner_a, co_window_paths_a, co_window_paths_b,
          co_window_paths_b, co_window_paths_c, co_window_corner_b,
          co_window_corner_b, co_window_broadway_a, co_window_paths_c,
          glass_columns_a, glass_columns_a, glass_columns_a, glass_columns_a,
          glass_columns_b, enter_ossuary_5, serial_park_tiny_1,
          minmay_a_box_with_orc_wizards_in_it, uniq_natasha, uniq_ijyb,
          uniq_eustachio
D:5:      nicolae_cairo_tiling, layout_rooms, minmay_temple_entry_crystal_x
D:6:      layout_basic, hellmonk_guarded_unrand_lears, uniq_blork_the_orc,
          uniq_grinder, uniq_pikel
D:7:      layout_loops_ring, kennysheep_donut, minivault_24
D:8:      layout_basic, moated_statue, grunt_ministairs_2
D:9:      layout_roguey, mainiacjoe_overflow_alcove_1, enter_bailey_7,
          uniq_grum, uniq_psyche, uniq_prince_ribbit1
D:10:     layout_rooms, erik_lair_orcish_takeover, minivault_13
D:11:     layout_stronghold, gauntlet_entry_generic,
          portal_ice_cave_entry_ice_simulacra, hellmonk_ghost_big_iron
D:12:     layout_gridville, hiddenorc2_lemuel
D:13:     layout_rooms, minmay_shop_grid_forest, serial_nicolae_subway,
          nicolae_sub_station_metal, nicolae_sub_station_stone,
          nicolae_sub_station_crystal
D:14:     minmay_bad_star, layout_cave_pools, skrybe_vaults_entry_preservation,
          minivault_27, uniq_josephine
D:15:     hangedman_depths_entry_try_elsewhere_first, layout_basic,
          minmay_misc_feat_iff, hangedman_decor_opposing, uniq_louise,
          uniq_agnes
Temple:   mainiacjoe_temple_hex_bubbles
Lair:1:   minmay_lair_oklob_tunnel, layout_cave_pods, small_statue_intersection,
          grunt_megastairs_5, serial_bayou_shore_a, lemuel_fruit_tree
Lair:2:   layout_gridlike, serial_rivers, chequers_serial_rivers_micro_b,
          chequers_serial_rivers_micro_a, chequers_serial_rivers_micro_a,
          chequers_serial_rivers_small_3, chequers_serial_rivers_large_a
Lair:3:   layout_cave_pods, minmay_swamp_entry_worms,
          guppyfry_snake_entry_island
Lair:4:   layout_long_grid, grunt_forest_large_clearings,
          infiniplex_staircase_pool_2
Lair:5:   gammafunk_lair_ancient_temple, layout_gridlike,
          minmay_slime_entry_pillars, basic_altar
Swamp:1:  layout_falls_marsh, evilmike_swamp_ruin_house_3
Swamp:2:  layout_basic_swamp, gammafunk_ghost_arena,
          evilmike_swamp_ruin_rubble_2
Swamp:3:  layout_falls_marsh, serial_swamp_ruin, evilmike_swamp_ruin_house_4,
          evilmike_swamp_ruin_rubble_1, evilmike_swamp_ruin_house_5,
          infiniplex_staircase_pool
Swamp:4:  swamp_fiery, layout_basic_swamp
Snake:1:  layout_grid_maze, gammafunk_ghost_arena
Snake:2:  layout_onion, nicolae_integral_box, uniq_vashnia, uniq_aizul
Snake:3:  layout_onion_interference, grunt_ministairs_7,
          nicolae_snake_horde_hoard
Snake:4:  snake_pit_salamanders_mu, layout_rooms, abandoned_shop, uniq_mara
Orc:1:    layout_diamond_mine, serial_shops, shop
Orc:2:    kennysheep_orc_mage_school, layout_caves, serial_shops,
          nicolae_shop_hallway_plus
Vaults:1: nicolae_vaults_little_squares_4, v_misc_27,
          nicolae_vaults_little_squares_5, grunt_vaults_funnel, v_alt_pattern_6,
          vaults_room_stairs_pillars, layout_vaults_omnigrid, serial_shops,
          nicolae_shop_advertising_works [nicolae_subvault_shop_adworks]
Vaults:2: vaults_room_fancy_cross, vaults_mumra_minichess, vaults_dpeg_diagonal,
          grunt_vaults_bifocal, nicolae_vaults_network_barrier, v_pattern_4,
          v_misc_24, nicolae_vaults_little_squares_4, nicolae_vaults_little_ls,
          grunt_vaults_hallway_short, layout_vaults_omnicross, serial_shops,
          bzr_entry_lakeside
Vaults:3: hangedman_vaults_locks, vaults_room_door_hall, v_misc_10,
          ontoclasm_vaults_eye, nicolae_vaults_three_branches,
          dpeg_vaults_monster_box, grunt_tower_of_power,
          minmay_crypt_entry_necro_gods, serial_ice_h,
          ontoclasm_vaults_claustrophobia, layout_vaults_maze_bifur,
          serial_shops, shop, uniq_margery
Vaults:4: nicolae_vaults_mini_display_case, hangedman_vaults_stitches,
          hangedman_vaults_trim, v_misc_5, vaults_room_ringed_pool, v_rooms_4,
          hangedman_vaults_impose, vaults_mumra_hexcomb,
          nicolae_vaults_little_squares_1, layout_vaults_big_room,
          uniq_saint_roka, uniq_zenata

Skill      XL: |  1  2  3  4  5  6  7  8  9 10 11 12 13 14 15 16 17 18 19 20 21 |
---------------+----------------------------------------------------------------+-----
Maces & Flails | 3 4 5 6 7 9 11 12 13 14 15 16 17 18 | 18.8
Invocations    | 2 5 7 8 9 10 11 13 14 16 17 | 17.0
Dodging        | 2 4 5 6 7 8 9 10 12 13 14 | 14.7
Armour         | 5 6 7 9 10 11 12 13 14 15 16 | 16.8
Shields        | 5 6 7 9 10 12 13 14 | 14.1
Fighting       | 5 6 7 9 10 12 13 14 | 14.9
Stealth        | 3 6 8 |  8.9
Throwing       | 1 4 5 |  5.9

Action                   |  1- 3 |  4- 6 |  7- 9 | 10-12 | 13-15 | 16-18 | 19-21 || total
-------------------------+-------+-------+-------+-------+-------+-------+-------++-------
Melee: Flail             |   155 |    93 |   181 |   341 |       |       |       ||   770
       Morningstar       |       |       |       |   331 |   994 |       |       ||  1325
       Eveningstar       |       |       |       |       |   480 |  1565 |   991 ||  3036
Throw: Dart              |       |     1 |     5 |     3 |    13 |     6 |       ||    28
Invok: Divine Shield     |       |       |       |     2 |     7 |     3 |     7 ||    19
       Cleansing Flame   |       |       |       |       |     8 |     8 |     2 ||    18
       Summon Divine War |       |       |       |       |     1 |     2 |    13 ||    16
  Use: Scroll            |     3 |     3 |     8 |     9 |     8 |     3 |     3 ||    37
       Potion            |     1 |       |     1 |     4 |     3 |     3 |     7 ||    19
 Stab: Distracted        |       |     1 |       |       |       |       |       ||     1
Armor: Scale mail        |   100 |    24 |       |       |       |       |       ||   124
       Chain mail        |       |    22 |    60 |   267 |  1007 |   887 |   602 ||  2845
Dodge: Dodged            |    79 |    30 |    48 |   272 |   895 |   741 |   345 ||  2410
Block: Buckler           |    33 |    12 |    25 |   106 |   688 |   354 |    49 ||  1267
       Tower shield      |       |       |       |       |       |       |   687 ||   687
